 Dungeon Crawl Stone Soup version 0.21.1-1-g345015f (webtiles) character file.

68989 Mesmaeker13 the Fighter (level 14, -1/189 HPs)
             Began as a Demigod Wanderer on Mar 3, 2018.
             Killed from afar by an orc sorcerer (31 damage)
             ... with a bolt of negative energy
             ... on level 2 of the Orcish Mines.
             The game lasted 00:59:40 (29344 turns).

Mesmaeker13 the Fighter (Demigod Wanderer)         Turns: 29344, Time: 00:59:41

Health: -1/189     AC: 15    Str: 31    XL:     14   Next: 47%
Magic:  24/24      EV: 10    Int: 17    God:
Gold:   1346       SH:  5    Dex: 17    Spells: 12/22 levels left

rFire    + + .     SeeInvis +   s - +10 scimitar of Eternal Vigilance {slice, rElec MR++ Str+6}
rCold    x . .     Gourm    .   c - +0 buckler
rNeg     . . .     Faith    .   k - +3 scale mail {rF+}
rPois    +         Spirit   .   C - +0 helmet
rElec    +         Reflect  .   (no cloak)
rCorr    .         Harm     .   a - +0 pair of gloves
MR       +++..                  L - +0 pair of boots
Stlth    ..........             (no amulet)
HPRegen  0.41/turn              p - ring of fire
MPRegen  0.19/turn              Q - ring of poison resistance

@: berserking, heavily drained, very quick
A: see invisible, high mp 1, mutation resistance 1
a: no special abilities


You were on level 2 of the Orcish Mines.
You were not hungry.

You visited 3 branches of the dungeon, and saw 21 of its levels.
You also visited: Labyrinth, Ice Cave and Volcano.

You collected 1791 gold pieces.
You spent 445 gold pieces at shops.

Inventory:

Hand Weapons
 s - the +10 scimitar of Eternal Vigilance (weapon) {slice, rElec MR++ Str+6}
   (You bought it in a shop on level 4 of the Dungeon)

   It inflicts extra damage upon your enemies.
   It affects your strength (+6).
   It insulates you from electricity.
   It affects your resistance to hostile enchantments.
 O - a +2 scimitar of flaming
Missiles
 q - 3 javelins of penetration (quivered)
Armour
 a - a +0 pair of gloves (worn)
 c - a +0 buckler (worn)
 k - a +3 scale mail of fire resistance (worn)
 C - a +0 helmet (worn)
 L - a +0 pair of boots (worn)
Jewellery
 b - an uncursed ring of protection from magic
 i - the ring "Viyr" {rN+ Stlth-}
   (You found it on level 3 of the Lair of Beasts)

   [ring of loudness]

   It protects you from negative energy.
   It makes you less stealthy.
 p - a ring of fire (left hand)
 r - an uncursed ring of resist corrosion
 A - an uncursed ring of ice
 E - a +4 ring of strength
 Q - a ring of poison resistance (right hand)
Wands
 l - a wand of acid (44)
 H - a wand of iceblast (21)
Scrolls
 y - 4 scrolls of remove curse
 B - 4 scrolls of magic mapping
 F - a scroll of brand weapon {unknown}
 J - 6 scrolls of teleportation
 K - 3 scrolls of blinking
 S - 4 scrolls of fog
Potions
 d - 4 potions of cancellation
 g - 7 potions of brilliance
 j - 2 potions of resistance
 m - a potion of magic {unknown}
 n - 2 potions of agility
 x - 4 potions of mutation
 D - 2 potions of flight
 G - a potion of degeneration {unknown}
 M - 2 potions of might
 N - a potion of berserk rage
 R - a potion of haste {unknown}
Comestibles
 f - 26 rations
 h - 3 chunks of flesh


   Skills:
 + Level 12.1(9.9) Fighting
 + Level 12.0(9.8) Long Blades
   Level 1.0(0.0) Staves
 + Level 11.9(9.7) Armour
 - Level 1.7(0.0) Dodging
 - Level 1.0(0.0) Stealth
 - Level 5.2(3.4) Shields
 + Level 4.5(2.7) Spellcasting
 - Level 6.0(4.1) Hexes
 - Level 6.0(4.1) Charms
 + Level 6.6(4.7) Necromancy
   Level 1.0(0.0) Ice Magic
 - Level 1.0(0.0) Evocations


You had 12 spell levels left.
You knew the following spells:

 Your Spells              Type           Power        Failure   Level  Hunger
a - Regeneration          Chrm/Necr      ###.......   16%         3    ###....
b - Spectral Weapon       Hex/Chrm       ###.....     19%         3    ###....
c - Animate Dead          Necr           N/A          43%         4    #####..


Dungeon Overview and Level Annotations

Branches:
Dungeon (13/15)            Temple (0/1) D:7            Lair (6/6) D:9
  Swamp (0/4) Lair:4       Spider (0/4) Lair:4        Slime (0/5) Lair:6
    Orc (2/2) D:11            Elf (0/3) Orc:2
 Vaults: D:13-14

Shops:
D:4 [=(*

Annotations:
Lair:4 Rupert


Innate Abilities, Weirdness & Mutations

You have an increased reservoir of magic. (+10% MP)
You have supernaturally acute eyesight. (SInv)
You are somewhat resistant to further mutation.


Message History

The soul eater hits you!
* * * LOW HITPOINT WARNING * * *
You feel drained.
* * * LOW HITPOINT WARNING * * *
A red film seems to cover your vision as you go berserk!
You feel yourself moving faster!
You feel mighty! You block the ynoxinul's attack.
The orc sorcerer barely misses you. The soul eater hits you!
* * * LOW HITPOINT WARNING * * *
You feel drained.
* * * LOW HITPOINT WARNING * * *
You barely miss the orc sorcerer.
The orc sorcerer is heavily wounded.
The ynoxinul gestures.
Unknown command.
You barely miss the orc sorcerer.
The orc sorcerer is heavily wounded.
The orc sorcerer points at you and mumbles some strange words.
The bolt of negative energy hits you!
You feel drained.
You die...

,,,*,*,*,,,,,,*
,,,,,,,,,,,,,**
,,,,,,,,,,..,* ,,,,,,,..,*.##
,,,,..##.###.##
,,,*.........$#
,,,,...#......#####
,,,,...........##.##
,,,,..$.#3.....#@).#
,,,,......)..o53o3##
,,,,,,,,.#.....5..#*
,,,,,,,,*##........#*
,,,,,,,***##........#
,,,,,,***,*##.......#*
,,,,,***,,,*##...#...#
,,,,***,,,,,*##.##...#******
,,,***,*,,,*,*###*#.##,**,,**


You could see a soul eater, a ynoxinul, an orc sorcerer, an orc priest and 2
ufetubi.

Vanquished Creatures
  A frost giant (IceCv)
  An orc warlord (D:11)
  5 dire elephants (Lair:6)
  A minotaur (Lab)
  Fannar (D:11)
  Harold (D:10)
  An anaconda (Lair:6)
  5 hydras
  Erica (D:10)
  4 two-headed ogres
  The ghost of soepske the Pure, a novice DsAK of Lugonu (D:10)
  2 death yaks (IceCv)
  A death knight (D:12)
  A tengu warrior (D:11)
  A hell knight (Volcano)
  A salamander mystic (Volcano)
  A lindwurm (Lair:5)
  Pikel (D:8)
  A phantasmal warrior (D:12)
  An ugly thing (D:11)
  A cyclops (D:11)
  6 salamanders (Volcano)
  An oklob plant (Lair:2)
  4 centaur zombies
  11 elephants
  An ice statue (IceCv)
  2 black mambas
  A gargoyle (Lab)
  6 komodo dragons
  12 spiny frogs
  2 freezing wraiths (D:12)
  A demonic crawler (Lair:4)
  A yaktaur (D:12)
  19 polar bears
  6 trolls
  2 tyrant leeches (Lair:4)
  Grinder (D:3)
  12 blink frogs
  5 dream sheep (Lair:6)
  6 hippogriffs
  Eustachio (D:5)
  Sigmund (D:3)
  A shadow (D:11)
  4 wyverns
  2 wraiths (D:12)
  31 yaks
  2 fire bats (Orc:2)
  A steam dragon (Lair:4)
  Grum (D:8)
  A basilisk (Lair:1)
  2 hungry ghosts (D:11)
  6 swamp worms
  7 two-headed ogre zombies (Orc:1)
  6 water moccasins
  2 wargs
  3 porcupines
  Duvessa (D:7)
  23 orc warriors
  14 ice beasts
  3 black bears
  6 ogres
  A necrophage (D:11)
  A phantom (D:9)
  3 sky beasts
  30 wolves
  6 centaurs
  10 crocodiles
  3 big kobolds
  9 bullfrogs
  Dowan (D:7)
  3 scorpions
  A wyvern skeleton (D:6)
  14 killer bees
  4 wights (D:8)
  A crimson imp (D:10)
  5 bullfrog zombies
  17 jellies
  A gnoll shaman (D:6)
  6 hounds
  15 orc priests
  4 centaur skeletons
  A bullfrog skeleton (D:4)
  Ijyb (D:3)
  2 iguanas
  8 worker ants
  21 orc wizards
  A hound zombie (D:7)
  5 hound skeletons
  A howler monkey zombie (D:7)
  8 gnolls
  A howler monkey skeleton (D:10)
  16 adders
  6 shadow imps
  An adder skeleton (D:8)
  17 worms
  A dart slug (D:2)
  8 leopard geckos
  77 orcs
  4 giant cockroaches
  14 goblins
  4 hobgoblins
  7 jackals
  3 quokkas
  2 ball pythons
  3 bats
  5 frilled lizards
  18 kobolds
  A quokka skeleton (D:4)
  6 rats
  A fungus (Lair:6)
  3 plants (Lair:6)
631 creatures vanquished.

Vanquished Creatures (collateral kills)
  A fire bat (Orc:2)
  3 two-headed ogre zombies (Orc:1)
  An ogre (D:5)
  An orc (Orc:2)
6 creatures vanquished.

Vanquished Creatures (others)
  A polar bear (IceCv)
  5 fungi
  6 plants
  5 spectral weapons
17 creatures vanquished.

Grand Total: 654 creatures vanquished

Notes
Turn   | Place    | Note
-------+----------+-------------------------------------------
     0 | D:1      | Mesmaeker13 the Demigod Wanderer began the quest for the Orb.
     0 | D:1      | Mesmaeker13 set off with: a book of Battle, a +0 falchion, a +0 buckler, a +0 robe, a ration
     0 | D:1      | Reached XP level 1. HP: 17/17 MP: 3/3
   826 | D:1      | Reached XP level 2. HP: 19/24 MP: 5/5
  1578 | D:2      | Found a sparkling altar of Nemelex Xobeh.
  1580 | D:2      | Reached skill level 1 in Long Blades
  1625 | D:2      | Reached XP level 3. HP: 27/29 MP: 6/6
  2201 | D:2      | Found a shadowy altar of Dithmenos.
  2204 | D:2      | Found an opulent altar of Gozag.
  2204 | D:2      | Found a basalt altar of Yredelemnul.
  2206 | D:2      | Found a white marble altar of Elyvilon.
  2206 | D:2      | Found a shimmering altar of Xom.
  2206 | D:2      | Found a snail-covered altar of Cheibriados.
  2422 | D:3      | Reached XP level 4. HP: 32/37 MP: 7/7
  2480 | D:3      | Reached skill level 1 in Armour
  2600 | D:3      | Reached XP level 5. HP: 44/44 MP: 8/8
  2608 | D:3      | Noticed Grinder
  2631 | D:3      | Paralysed by Grinder for 3 turns
  2640 | D:4      | Found Nulid's Assorted Antiques.
  2794 | D:4      | Found Ynielui's Antique Weapon Shoppe.
  2833 | D:4      | Found Cemy's Jewellery Shop.
  2863 | D:4      | Found Doiwn's Antique Armour Shop.
  3042 | D:4      | Noticed Eustachio
  3093 | D:5      | Entered Level 5 of the Dungeon
  3289 | D:5      | Noticed an ogre
  3318 | D:5      | Killed an ogre
  3318 | D:5      | Reached XP level 6. HP: 49/51 MP: 9/9
  3868 | D:5      | Killed Eustachio
  3887 | D:5      | Reached XP level 7. HP: 10/58 MP: 10/10
  4224 | D:4      | Bought a twisted scimitar for 135 gold pieces
  4224 | D:4      | Identified the +10 scimitar of Eternal Vigilance {slice, rElec MR++ Str+6} (You bought it in a shop on level 4 of the Dungeon)
  4344 | D:4      | Found a sacrificial altar of Ru.
  4596 | D:3      | Noticed Sigmund
  4604 | D:3      | Killed Sigmund
  4712 | D:3      | Killed Grinder
  4969 | D:3      | Noticed Ijyb
  4973 | D:3      | Killed Ijyb
  5414 | D:5      | Found a white marble altar of Elyvilon.
  5539 | D:6      | Reached XP level 8. HP: 67/67 MP: 11/11
  5662 | D:6      | Reached skill level 5 in Fighting
  6060 | D:6      | Reached skill level 5 in Shields
  6154 | D:6      | Reached skill level 5 in Long Blades
  6399 | D:6      | Learned a level 3 spell: Regeneration
  6552 | D:7      | Found a staircase to the Ecumenical Temple.
  6555 | D:7      | Noticed Duvessa
  6556 | D:7      | Noticed Dowan
  6570 | D:7      | Killed Duvessa
  6576 | D:7      | Killed Dowan
  6583 | D:7      | Reached skill level 5 in Armour
  6848 | D:7      | Reached XP level 9. HP: 64/75 MP: 12/12
  7038 | D:7      | Found a white marble altar of Elyvilon.
  7233 | D:7      | Found a hide-covered altar of Uskayaw.
  7642 | D:8      | Noticed Grum
  7647 | D:8      | Killed Grum
  8151 | D:8      | Found a snail-covered altar of Cheibriados.
  8318 | D:8      | Noticed Pikel
  8326 | D:8      | Killed Pikel
  8507 | D:8      | Found an opulent altar of Gozag.
  8508 | D:8      | Found an ancient bone altar of Kikubaaqudgha.
  8857 | D:9      | Reached XP level 10. HP: 29/86 MP: 13/13
  9112 | D:9      | Noticed a two-headed ogre
  9138 | D:9      | Killed a two-headed ogre
  9138 | D:9      | Reached skill level 5 in Charms
  9545 | D:9      | Found a staircase to the Lair.
  9547 | D:9      | Noticed an elephant
  9585 | D:9      | Killed an elephant
  9996 | D:9      | Found a burning altar of Makhleb.
 10045 | D:10     | Entered Level 10 of the Dungeon
 10126 | D:10     | Noticed soepske's ghost (novice DsAK)
 10139 | D:10     | Killed soepske's ghost
 10139 | D:10     | Reached skill level 1 in Necromancy
 10497 | D:10     | Noticed Erica
 10506 | D:10     | Killed Erica
 10506 | D:10     | Reached XP level 11. HP: 87/94 MP: 14/14
 10558 | D:10     | Noticed Harold
 10574 | D:10     | Killed Harold
 11536 | D:11     | Noticed Fannar
 11557 | D:11     | Killed Fannar
 11741 | D:11     | Found a staircase to the Orcish Mines.
 12012 | D:11     | Noticed a two-headed ogre
 12019 | D:11     | Killed a two-headed ogre
 12677 | D:12     | Noticed a four-headed hydra
 12683 | D:12     | Noticed a tengu warrior
 12691 | D:11     | Killed a one-headed hydra
 12882 | D:12     | Noticed a two-headed ogre
 12898 | D:11     | Killed a tengu warrior
 13042 | D:12     | Found a blossoming altar of Fedhas.
 13564 | D:12     | Noticed a phantasmal warrior
 13575 | D:12     | Killed a phantasmal warrior
 13932 | D:12     | Noticed a death knight
 13951 | D:12     | Gained mutation: You have supernaturally acute eyesight. (SInv) [potion of mutation]
 13951 | D:12     | Gained mutation: You are somewhat resistant to further mutation. [potion of mutation]
 13995 | D:12     | Killed a death knight
 14286 | D:12     | Reached skill level 5 in Necromancy
 14391 | D:12     | Learned a level 3 spell: Spectral Weapon
 14599 | D:11     | Reached XP level 12. HP: 63/104 MP: 16/16
 15389 | D:4      | Bought a scroll of identify for 30 gold pieces
 15479 | D:4      | Bought an uncursed ring of poison resistance for 280 gold pieces
 15667 | Lair:1   | Entered Level 1 of the Lair of Beasts
 15812 | Lair:1   | Found a frozen archway.
 15866 | IceCv    | Entered an ice cave
 16115 | IceCv    | Reached skill level 10 in Fighting
 16912 | IceCv    | Reached skill level 10 in Long Blades
 16915 | IceCv    | Reached skill level 1 in Hexes
 17134 | IceCv    | Reached skill level 10 in Armour
 17816 | IceCv    | Noticed a frost giant
 17852 | IceCv    | Killed a frost giant
 18646 | IceCv    | Identified the Handbook of Toxic Enchantment
 19337 | Lair:1   | Got a distressingly furry chain mail
 19348 | Lair:1   | Identified the cursed +0 chain mail of Ocietit {Int+2 Stlth+} (You found it on level 1 of the Lair of Beasts)
 19988 | Lair:2   | Reached XP level 13. HP: 104/113 MP: 17/17
 20036 | Lair:2   | Found a burning altar of Makhleb.
 21341 | Lair:3   | Got a vibrating jade ring
 22282 | Lair:4   | Noticed Rupert
 22560 | Lair:4   | Identified the ring "Viyr" {rN+ Stlth-} (You found it on level 3 of the Lair of Beasts)
 22602 | Lair:4   | Reached skill level 5 in Hexes
 22637 | Lair:4   | Reached skill level 1 in Spellcasting
 22854 | Lair:4   | Found a staircase to the Swamp.
 23159 | Lair:5   | Got a pair of heavily runed gloves
 23170 | Lair:5   | Identified the +0 pair of gloves of the Thistle {Int+3 Dex+5 Slay-5} (You found it on level 5 of the Lair of Beasts)
 23223 | Lair:5   | Found a labyrinth entrance.
 23267 | Lab      | Entered a labyrinth
 24475 | Lair:6   | Entered Level 6 of the Lair of Beasts
 24616 | Lair:6   | Found a staircase to the Slime Pits.
 26352 | Lair:6   | Reached XP level 14. HP: 117/125 MP: 22/22
 27294 | Lair:4   | Found a hole to the Spider Nest.
 27578 | Lair:1   | Learned a level 4 spell: Animate Dead
 27621 | Orc:1    | Entered Level 1 of the Orcish Mines
 27816 | Orc:1    | Noticed an orc warlord
 27884 | D:11     | Killed an orc warlord
 28206 | Orc:2    | Entered Level 2 of the Orcish Mines
 28288 | Orc:2    | Found a staircase to the Elven Halls.
 28385 | Orc:2    | Found a dark tunnel.
 28424 | Volcano  | Entered a volcano
 28496 | Volcano  | Found a bloodstained altar of Trog.
 28768 | Orc:2    | Found a burning altar of Makhleb.
 29344 | Orc:2    | Killed from afar by an orc sorcerer

Skill      XL: |  1  2  3  4  5  6  7  8  9 10 11 12 13 14 |
---------------+-------------------------------------------+-----
Fighting       | 2 3 4 5 7 8 9 10 11 12 | 12.1
Long Blades    | 1 2 3 4 5 6 8 9 10 11 12 | 12.0
Shields        | 2 3 4 5 |  5.2
Armour         | 1 2 3 5 6 7 9 10 11 | 11.9
Charms         | 2 4 6 |  6.0
Necromancy     | 1 5 6 |  6.6
Hexes          | 3 6 |  6.0
Spellcasting   | 3 4 |  4.5
Staves         | |  1.0
Dodging        | |  1.7
Stealth        | |  1.0
Ice Magic      | |  1.0
Evocations     | |  1.0

Action                   |  1- 3 |  4- 6 |  7- 9 | 10-12 | 13-15 || total
-------------------------+-------+-------+-------+-------+-------++-------
Melee: Falchion          |   144 |   173 |       |       |       ||   317
       Scimitar          |       |       |   250 |   683 |   756 ||  1689
Throw: Throwing net      |       |       |       |     2 |     2 ||     4
 Cast: Regeneration      |       |       |       |    30 |    27 ||    57
       Spectral Weapon   |       |       |       |       |    18 ||    18
       Animate Dead      |       |       |       |       |     3 ||     3
Evoke: Wand              |       |     7 |     1 |     2 |     8 ||    18
  Use: Scroll            |     2 |     3 |     6 |    10 |    15 ||    36
       Potion            |       |     4 |       |     7 |     5 ||    16
 Stab: Distracted        |       |       |       |     1 |     1 ||     2
       Invisible         |       |       |       |       |     1 ||     1
       Confused          |       |       |       |       |     1 ||     1
  Eat: Chunk             |     5 |     3 |    14 |    21 |    31 ||    74
       Ration            |       |     1 |       |     7 |     2 ||    10
Armor: Ring mail         |    51 |    71 |    81 |   264 |   196 ||   663
       Robe              |     2 |       |       |       |       ||     2
       Skin              |       |     4 |       |       |       ||     4
       Scale mail        |       |       |       |       |    40 ||    40
       Chain mail        |       |       |       |       |     8 ||     8
Dodge: Dodged            |    80 |    98 |   134 |   359 |   288 ||   959
Block: Buckler           |    32 |    30 |    70 |   180 |   164 ||   476
       Rpst.: Falchion   |    29 |    38 |       |       |       ||    67
       Scimitar          |       |       |    45 |    90 |    78 ||   213
